 Dungeon Crawl Stone Soup version 0.22-a0-570-g58866f5 (webtiles) character file.

4 urutzu the Vexing (level 1, 0/13 HPs)
             Began as a Mummy Enchanter on June 30, 2018.
             Slain by a kobold
             ... wielding a +0 dagger
              (4 damage)
             ... on level 1 of the Dungeon.
             The game lasted 00:01:13 (268 turns).

urutzu the Vexing (Mummy Enchanter)                  Turns: 268, Time: 00:01:14

Health: 0/13       AC:  2    Str: 11    XL:     1   Next: 58%
Magic:  4/4        EV: 12    Int: 14    God:
Gold:   1          SH:  0    Dex: 12    Spells: 4/5 levels left

rFire    x . .     SeeInvis .   d - -2 dagger (curse)
rCold    + . .     Gourm    .   (no shield)
rNeg     + + +     Faith    .   b - +0 robe
rPois    ∞         Spirit   .   (no helmet)
rElec    .         Reflect  .   (no cloak)
rCorr    .         Harm     .   (no gloves)
MR       .....                  (no boots)
Stlth    ++........             (no amulet)
HPRegen  0.04/turn              (no ring)
MPRegen  0.09/turn              (no ring)

@: no status effects
A: no food or potions, fire vulnerability, cold resistance 1, negative energy
resistance 3, torment resistance, unbreathing
a: no special abilities


You were on level 1 of the Dungeon.
You were not hungry.

You visited 1 branch of the dungeon, and saw 1 of its levels.

You collected 1 gold pieces.

Inventory:

Hand Weapons
 a - a +1 dagger
 d - a cursed -2 dagger (weapon)
Armour
 b - a +0 robe (worn)
Jewellery
 c - an uncursed ring of positive energy


   Skills:
 + Level 0.9 Short Blades
 + Level 1.6 Dodging
 * Level 2.5 Stealth
 - Level 2.6 Spellcasting
 + Level 2.7 Hexes


You had 4 spell levels left.
You knew the following spells:

 Your Spells              Type           Power        Failure   Level  Hunger
a - Corona                Hex            #......      7%          1    N/A

Your spell library contained the following spells:

 Spells                   Type           Power        Failure   Level  Hunger
 Confuse                  Hex            #.......     22%         3    N/A
 Tukima's Dance           Hex            #.......     22%         3    N/A
 Ensorcelled Hibernation  Hex/Ice        #.....       19%         2    N/A
 Dazzling Spray           Conj/Hex       #.....       36%         3    N/A

Dungeon Overview and Level Annotations

Branches:
Dungeon (1/15)

Altars:


Innate Abilities, Weirdness & Mutations

You do not eat or drink.
Your flesh is vulnerable to fire.
You are immune to poison.
Your flesh is cold resistant. (rC+)
You are immune to negative energy. (rN+++)
You are immune to unholy pain and torment.
You can survive without breathing.


Message History

You hit the rat but do no damage. The rat bites you.
You are too injured to fight recklessly!
You hit the rat but do no damage. The rat barely misses you.
You barely miss the rat. The rat misses you.
You hit the rat.
You kill the rat!
You see here a rat corpse.
You see here 19 stones.
You see here 19 stones.
Found a stone staircase leading down.
Found a ration and 26 stones.
A kobold comes into view. It is wielding a dagger.
The kobold shouts!
The kobold hits you with a dagger.
You hit the kobold but do no damage. The kobold barely misses you.
You hit the kobold but do no damage. The kobold misses you.
You hit the kobold.
The kobold is heavily wounded.
The kobold hits you with a dagger.
You die...

####..#.# #.# #....
...#..#.###.# #....
............. #....
.....#.###.#
#...#####.#..#.###.#
#(..#..............#
#%..#.# #.####.#####
#..K#.###...†..#
#..@#.#......#######
#..>...............(
.......#.#.#.##.####.##
#####..#.#.#.##.# #.##
#.##.#.#.##.# #.## #.
....#.##.# #.# ##
#.#.#.##.# #.#
....#.##.# #.#
#...#.##.####.##


You could see a kobold.

Vanquished Creatures
  A bat (D:1)
  A giant cockroach (D:1)
  A goblin (D:1)
  A rat (D:1)
4 creatures vanquished.

Notes
Turn   | Place    | Note
-------+----------+-------------------------------------------
     0 | D:1      | urutzu the Mummy Enchanter began the quest for the Orb.
     0 | D:1      | Reached XP level 1. HP: 13/13 MP: 4/4
   268 | D:1      | Slain by a kobold

Vault maps used:
D:1:      dpeg_arrival_tiny_b, minmay_misc_feat_doors

Action                   || total
-------------------------++-------
Melee: Dagger            ||    16
 Stab: Sleeping          ||     1
Dodge: Dodged            ||     6

Table legend:
 A = Spawn XP
 B = Non-spawn XP
 C = Spawn XP percentage of total XP
 D = Spawn monster count
 E = Non-spawn monster count
 F = Spawn count percentage of total count
 G = Total turns spent on level
                    A         B        C        D         E        F      G
               +---------+---------+-------+---------+---------+-------+---------
         Total |       0 |       7 |   0.0 |       0 |       4 |   0.0 |   268
               +---------+---------+-------+---------+---------+-------+---------
           D:1 |       0 |       7 |   0.0 |       0 |       4 |   0.0 |   268
               +---------+---------+-------+---------+---------+-------+---------
